 Dungeon Crawl Stone Soup version 0.18.1-50-g88ac8fd (webtiles) character file.

11088 Gorglomux the Basher (level 11, -1/92 HPs)
             Began as a Demonspawn Berserker on Oct 29, 2016.
             Was a High Priest of Trog.
             Slain by Snorg (11 damage)
             ... on level 10 of the Dungeon.
             The game lasted 00:43:37 (11909 turns).

Gorglomux the Basher (Demonspawn Berserker)        Turns: 11909, Time: 00:43:38

Health: -1/92      AC: 25    Str: 18    XL:     11   Next: 44%
Magic:  11/11      EV:  6    Int: 18    God:    Trog [*****.]
Gold:   214        SH:  0    Dex: 17    Spells: 0 memorised, 10 levels left

rFire  . . .     SeeInvis .     a - +0 mace
rCold  . . .     Gourm    .     T - +7 plate armour of Gallantry {+Fly Str-3 Int+9 Stlth-}
rNeg   . . .     Faith    .     (no shield)
rPois  .         Spirit   .     G - +2 helmet
rElec  .         Dismiss  .     A - +0 cloak
rCorr  .         Reflect  .     (no gloves)
SustAt .         Harm     .     H - +0 pair of boots
MR     +++..                    (no amulet)
Stlth  ..........               f - +5 ring of dexterity
                                y - ring of protection from magic

@: regenerating, extremely resistant to hostile enchantments, extremely
unstealthy
A: claws 2, slimy green scales 1, demonic guardian 1, nightstalker 1
a: Berserk, Trog's Hand, Brothers in Arms, Burn Spellbooks, Renounce Religion,
Evoke Flight


You were on level 10 of the Dungeon.
You worshipped Trog.
Trog was extremely pleased with you.
You were not hungry.

You visited 1 branch of the dungeon, and saw 10 of its levels.

You collected 525 gold pieces.
You spent 311 gold pieces at shops.

Inventory:

Hand Weapons
 a - a +0 mace (weapon)
Armour
 A - a +0 cloak (worn)
 G - a +2 helmet (worn)
 H - a +0 pair of boots (worn)
 T - the +7 plate armour of Gallantry (worn) {+Fly Str-3 Int+9 Stlth-}
   (You found it on level 10 of the Dungeon)

   It affects your strength (-3).
   It affects your intelligence (+9).
   It lets you fly.
   It makes you less stealthy.
Jewellery
 d - an uncursed ring of see invisible
 f - a +5 ring of dexterity (right claw)
 t - a +3 ring of slaying
 y - a ring of protection from magic (left claw)
Wands
 b - a wand of lightning (9/15)
 C - a wand of acid (4/15)
 E - a wand of iceblast (4/15)
Scrolls
 e - a scroll of recharging {unknown}
 h - 3 scrolls of enchant weapon {unknown}
 l - 4 scrolls of immolation {unknown}
 m - 10 scrolls of identify
 n - 2 scrolls of fog {unknown}
 o - 3 scrolls of amnesia {unknown}
 q - a scroll of teleportation
 r - 2 scrolls of blinking {unknown}
 u - 2 scrolls of random uselessness {unknown}
 v - 5 scrolls of remove curse
 B - a scroll of noise {unknown}
 J - a scroll of magic mapping {unknown}
 L - 2 scrolls of enchant armour {unknown}
 U - a scroll of fear {unknown}
Potions
 g - 11 potions of degeneration
 i - 3 potions of heal wounds
 j - a potion of curing
 k - 3 potions of lignification
 s - 2 potions of mutation {unknown}
 w - a potion of resistance {unknown}
 x - 2 potions of might
 z - 3 potions of agility
 F - a potion of brilliance {unknown}
 K - 2 potions of invisibility {unknown}
 N - a potion of ambrosia {unknown}
 Q - 2 potions of flight {unknown}
 R - a potion of haste {unknown}
Books
 p - a book of Burglary

   Spells                             Type                      Level
   a - Swiftness                      Charms/Air                   2
   b - Passwall                       Transmutation/Earth          2
   c - Passage of Golubria            Translocation                4
   d - Lee's Rapid Deconstruction     Earth                        5
   e - Darkness                       Hexes                        6
   f - Invisibility                   Hexes                        6
   Trog disapproves of the use of such an item.
Comestibles
 c - 6 bread rations
 D - 4 meat rations
 I - 3 beef jerkies
 M - 7 slices of pizza
 O - 3 chunks of flesh
 P - 12 fruits
 S - a royal jelly


   Skills:
 + Level 10.7 Fighting
 * Level 13.4 Maces & Flails
 + Level 3.2 Armour
 - Level 1.7 Dodging


You had 10 spell levels left.
You didn't know any spells.

Dungeon Overview and Level Annotations

Branches:
Dungeon (10/15)            Temple (0/1) D:5             Orc (0/2) D:9
   Lair: D:8-11

Altars:
Cheibriados
Fedhas
Makhleb
Nemelex Xobeh
Pakellas
Yredelemnul

Shops:
D:4 *   D:5 [   D:8 !

Annotations:
D:10 Snorg


Innate Abilities, Weirdness & Mutations

You have very sharp fingernails.
You are partially covered in slimy green scales (AC +2).
A weak demonic guardian rushes to your aid.
You are slightly more attuned to the shadows.


Message History

The killer bee stings you but does no damage.
Snorg is engulfed in roaring flames.
Snorg bites you. Snorg claws you but does no damage. Snorg claws you.
The killer bee stings you but does no damage.
Snorg is engulfed in roaring flames.
The killer bee stings you but does no damage.
A crocodile comes into view.
Snorg bites you! Snorg claws you! Snorg claws you but does no damage.
The killer bee stings you but does no damage.
The killer bee stings you but does no damage.
There is an open door here.
Your skin crawls.
You feel resistant to hostile enchantments.
You feel slightly more hungry. Snorg bites you!
* * * LOW HITPOINT WARNING * * *
Snorg claws you but does no damage. Snorg claws you!
* * * LOW HITPOINT WARNING * * *
The killer bee stings you but does no damage.
Snorg bites you but does no damage. Snorg claws you!
You die...

#.......#
#........'....P
#.......#
#....#####...PP ...
#..#....##..#...♣≈
..
#..#........#...♣P
..#..#........'...♣P
.#..#....###'#...♣≈
't.#....##..#....♣
#..#........#....♣
#@###.......#....♣
#yT##.......#....P
#...#.......#....♣
#...'.......#...♣♣
##'##.......#...P♣
#..##.......#...♣♣
#...........#....≈
#...........#....#
#...........#.....


You could see Snorg (berserk), a crocodile and a killer bee.

Vanquished Creatures
  A centaur warrior (D:9)
  The ghost of Neder the Cleaver, a journeyman DsFi (D:10)
  A hydra (D:8)
  The ghost of Gorglomux the Basher, a novice FoFi of Makhleb (D:9)
  A griffon (D:10)
  2 trolls (D:10)
  Sigmund (D:5)
  9 yaks
  A vampire (D:10)
  A hippogriff (D:7)
  A hungry ghost (D:9)
  3 ice beasts
  3 orc warriors
  3 sky beasts
  6 ogres
  A phantom (D:10)
  An eye of draining (D:10)
  A black bear (D:8)
  3 centaurs
  2 wolves (D:10)
  4 big kobolds
  6 giant frogs
  A water moccasin zombie (D:8)
  A water moccasin skeleton (D:9)
  2 wyvern skeletons
  4 scorpions
  8 killer bees
  3 electric eels (D:10)
  5 howler monkeys
  4 crimson imps
  The ghost of Franakus the Conjurer, a weakling DECj (D:3)
  A centaur zombie (D:9)
  2 giant frog skeletons (D:7)
  3 iron imps (D:9)
  7 hounds
  4 jellies
  8 orc priests
  A centaur skeleton (D:5)
  11 worker ants
  7 orc wizards
  2 sheep (D:8)
  2 hound skeletons
  2 worker ant zombies
  10 adders
  11 gnolls
  2 shadow imps
  An ooze (D:3)
  3 adder skeletons
  4 worms
  3 dart slugs
  7 giant geckos
  34 orcs
  6 bats
  3 giant cockroaches
  5 goblins
  7 hobgoblins
  2 jackals (D:5)
  A quokka (D:6)
  2 ball pythons
  A giant gecko skeleton (D:4)
  2 giant newts
  A jackal skeleton (D:4)
  A jackal zombie (D:5)
  10 kobolds
  A quokka skeleton (D:4)
  15 rats
264 creatures vanquished.

Vanquished Creatures (collateral kills)
  Prince Ribbit (D:7)
  A yak (D:10)
  A swamp drake (D:9)
  2 ogres
  A giant frog (D:6)
  2 howler monkeys
  A centaur zombie (D:8)
  An orc priest (D:9)
  A worker ant (D:9)
  An orc wizard (D:9)
  An ooze (D:3)
  6 orcs
  A goblin (D:3)
20 creatures vanquished.

Vanquished Creatures (others)
  An orc warrior (D:9)
  An orc (D:9)
  5 plants (D:10)
7 creatures vanquished.

Grand Total: 291 creatures vanquished

Notes
Turn   | Place    | Note
--------------------------------------------------------------
     0 | D:1      | Gorglomux the Demonspawn Berserker began the quest for the Orb.
     0 | D:1      | Reached XP level 1. HP: 18/18 MP: 1/1
   343 | D:1      | Reached skill level 3 in Maces & Flails
   658 | D:1      | Gained mutation: A weak demonic guardian rushes to your aid. [demonic ancestry]
   658 | D:1      | Reached XP level 2. HP: 22/24 MP: 2/2
  1421 | D:2      | Gained mutation: You are partially covered in slimy green scales (AC +2). [demonic ancestry]
  1421 | D:2      | Reached XP level 3. HP: 29/29 MP: 3/3
  1700 | D:2      | Reached ** piety under Trog
  1776 | D:2      | Found a sparkling altar of Nemelex Xobeh.
  2128 | D:3      | Reached XP level 4. HP: 9/37 MP: 4/4
  2290 | D:3      | Reached skill level 4 in Maces & Flails
  2494 | D:3      | Noticed Franakus's ghost (weakling DECj)
  2525 | D:3      | Killed Franakus's ghost
  2525 | D:3      | Reached XP level 5. HP: 15/42 MP: 5/5
  3261 | D:4      | Reached skill level 5 in Maces & Flails
  3305 | D:4      | Found an oddly glowing altar of Pakellas.
  3479 | D:4      | Found Zaogahae's Assorted Antiques.
  3484 | D:4      | Bought a scroll labeled JOIDISI GIGO for 23 gold pieces
  3484 | D:4      | Bought 2 blue potions for 41 gold pieces
  3484 | D:4      | Bought a scroll labeled JOIDISI GIGO for 23 gold pieces
  3584 | D:4      | Reached XP level 6. HP: 49/49 MP: 6/6
  3892 | D:4      | Reached skill level 5 in Fighting
  3969 | D:4      | Reached skill level 6 in Maces & Flails
  4015 | D:5      | Entered Level 5 of the Dungeon
  4015 | D:5      | Noticed a sky beast
  4027 | D:5      | Killed a sky beast
  4027 | D:5      | Gained mutation: You are slightly more attuned to the shadows. [demonic ancestry]
  4027 | D:5      | Reached XP level 7. HP: 56/56 MP: 7/7
  4035 | D:5      | Found a staircase to the Ecumenical Temple.
  4497 | D:5      | Reached skill level 7 in Maces & Flails
  4530 | D:5      | Found Yneryr's Antique Armour Shop.
  4888 | D:5      | Noticed Sigmund
  4902 | D:5      | Killed Sigmund
  4902 | D:5      | Reached XP level 8. HP: 52/64 MP: 8/8
  4910 | D:5      | Found a snail-covered altar of Cheibriados.
  5119 | D:6      | Reached *** piety under Trog
  5223 | D:6      | Reached skill level 8 in Maces & Flails
  6063 | D:7      | Reached skill level 9 in Maces & Flails
  6125 | D:7      | Noticed Prince Ribbit
  6144 | D:7      | Killed Prince Ribbit
  6144 | D:7      | Gained mutation: You have sharp fingernails. [demonic ancestry]
  6144 | D:7      | Reached XP level 9. HP: 42/72 MP: 9/9
  6470 | D:7      | Found a basalt altar of Yredelemnul.
  6777 | D:7      | Reached skill level 10 in Maces & Flails
  7007 | D:7      | Reached **** piety under Trog
  7442 | D:8      | Found Heulelem's Distillery.
  7491 | D:8      | Bought a potion of might for 56 gold pieces
  7491 | D:8      | Bought a potion of curing for 42 gold pieces
  7491 | D:8      | Bought a potion of agility for 56 gold pieces
  7491 | D:8      | Bought a potion of heal wounds for 70 gold pieces
  8268 | D:8      | Reached skill level 11 in Maces & Flails
  8271 | D:8      | Reached XP level 10. HP: 82/82 MP: 10/10
  8318 | D:8      | Noticed a three-headed hydra
  8325 | D:8      | Killed a three-headed hydra
  8474 | D:8      | Found an oddly glowing altar of Pakellas.
  8738 | D:9      | Found a staircase to the Orcish Mines.
  8980 | D:9      | Reached ***** piety under Trog
  9004 | D:9      | Found a blossoming altar of Fedhas.
  9045 | D:9      | Reached skill level 12 in Maces & Flails
  9047 | D:9      | Found a burning altar of Makhleb.
  9190 | D:9      | Noticed Gorglomux's ghost (novice FoFi)
  9208 | D:9      | Killed Gorglomux's ghost
  9229 | D:9      | Noticed a centaur warrior
  9397 | D:9      | Killed a centaur warrior
  9397 | D:9      | Reached skill level 10 in Fighting
  9543 | D:10     | Entered Level 10 of the Dungeon
  9546 | D:10     | Noticed a griffon
  9584 | D:10     | Killed a griffon
  9584 | D:10     | Gained mutation: You have very sharp fingernails. [demonic ancestry]
  9584 | D:10     | Reached XP level 11. HP: 20/91 MP: 11/11
 10296 | D:10     | Got an ichor-stained plate armour
 10307 | D:10     | Identified the +7 plate armour of Gallantry {+Fly Str-3 Int+9 Stlth-} (You found it on level 10 of the Dungeon)
 10747 | D:10     | Reached skill level 13 in Maces & Flails
 11218 | D:10     | Noticed Neder's ghost (journeyman DsFi)
 11296 | D:10     | Killed Neder's ghost
 11895 | D:10     | Noticed Snorg
 11909 | D:10     | Slain by Snorg

Skill      XL: |  1  2  3  4  5  6  7  8  9 10 11 |
---------------+----------------------------------+-----
Maces & Flails | 3 4 5 6 7 9 11 12 13 | 13.4
Fighting       | 4 5 6 7 8 10 | 10.7
Armour         | 3 |  3.2
Dodging        | |  1.7

Action                   |  1- 3 |  4- 6 |  7- 9 | 10-12 || total
-------------------------+-------+-------+-------+-------++-------
Melee: Mace              |   115 |   143 |   416 |   502 ||  1176
Invok: Trog's Hand       |     1 |     4 |     6 |     9 ||    20
       Berserk           |       |     3 |     7 |    10 ||    20
       Burn Spellbooks   |       |       |     1 |     2 ||     3
  Use: Potion            |       |       |       |     2 ||     2
       Scroll            |       |       |       |     4 ||     4
 Stab: Sleeping          |     1 |       |     6 |     2 ||     9
       Distracted        |       |     1 |     1 |     2 ||     4
  Eat: Chunk             |     4 |     9 |    22 |    17 ||    52
       Bread ration      |       |       |       |     2 ||     2
Armor: Animal skin       |     4 |       |       |       ||     4
       Ring mail         |    29 |    58 |   214 |   103 ||   404
       Plate armour      |       |       |       |   188 ||   188
Dodge: Dodged            |    80 |    84 |   243 |   204 ||   611
